 Dungeon Crawl Stone Soup version 0.30.1-9-gdf580d7c3d (webtiles) character file.

Game seed: 12190368638707015458

5350 croobank the Covert (level 10, 0/82 HPs)
             Began as a Gnoll Delver on Sept 29, 2023.
             Was an Initiate of Gozag.
             Killed from afar by a lava snake (7 damage)
             ... with a glob of lava
             ... on level 8 of the Dungeon.
             The game lasted 00:31:11 (9790 turns).

croobank the Covert (Gnoll Delver)                  Turns: 9790, Time: 00:31:11

Health: 0/82       AC:  6    Str: 13    XL:     10   Next: 65%
Magic:  0/18       EV: 16    Int: 19    God:    Gozag
Gold:   1021       SH:  0    Dex: 19    Spells: 12/20 levels left

rFire   . . .        a - +0 short sword (venom)
rCold   . . .        (no shield)
rNeg    . . .        b - +0 leather armour
rPois   .            (no helmet)
rElec   .            d - +0 cloak
rCorr   .            t - +0 pair of gloves
SInv    .            (no boots)
Will    .....        m - amulet of guardian spirit
Stlth   +++++        i - +6 ring of dexterity
HPRegen 0.33/turn    D - +6 ring of intelligence
MPRegen 0.16/turn

%: guardian spirit
@: invisible
A: fangs 1, strong nose, distributed training
a: Renounce Religion, Potion Petition, Call Merchant, Bribe Branch


You were on level 8 of the Dungeon.
You worshipped Gozag.
Gozag was most pleased with you.
You visited 2 branches of the dungeon, and saw 9 of its levels.
You also visited: Ossuary.

You collected 1215 gold pieces.
You spent 108 gold pieces at shops.
You paid 86 gold pieces to Gozag.

Inventory:

Hand Weapons
 a - a +0 short sword of venom (weapon)
 h - a +0 dagger
 B - a +0 scimitar
 F - a +1 spear of venom
 H - a +0 long sword
Missiles
 f - 10 poisoned darts
 s - 6 javelins
 A - 7 boomerangs
 E - 3 throwing nets (quivered)
 J - 5 curare-tipped darts
Armour
 b - a +0 leather armour (worn)
 d - a +0 cloak (worn)
 t - a +0 pair of gloves (worn)
 x - a +0 ring mail
 G - a +0 kite shield
Magical Staves
 e - a staff of cold
Jewellery
 i - a +6 ring of dexterity (left hand)
 k - a ring of ice
 m - an amulet of guardian spirit (around neck)
 r - a ring of resist corrosion
 D - a +6 ring of intelligence (right hand)
Wands
 g - a wand of digging (2)
 y - a wand of quicksilver (9)
 C - a wand of iceblast (8)
Scrolls
 c - 4 scrolls of fog
 n - 7 scrolls of teleportation
 q - a scroll of magic mapping
 v - a scroll of poison
 N - a scroll of enchant armour {unknown}
Potions
 j - a potion of curing
 l - a potion of flight
 o - a potion of mutation
 p - a potion of resistance
 u - a potion of brilliance
 w - a potion of berserk rage {unknown}
 z - a potion of ambrosia {unknown}
 I - a potion of might
 L - a potion of heal wounds
 M - a potion of haste


   Skills:
 + Level 8.8 Fighting
 + Level 7.4 Short Blades
 + Level 5.7 Long Blades
 + Level 5.7 Axes
 + Level 5.7 Maces & Flails
 + Level 5.7 Polearms
 + Level 5.7 Staves
 + Level 5.7 Ranged Weapons
 + Level 5.7 Throwing
 + Level 5.7 Armour
 + Level 7.4 Dodging
 + Level 11.1 Stealth
 + Level 5.7 Shields
 + Level 5.7 Unarmed Combat
 + Level 5.7 Spellcasting
 + Level 4.7 Conjurations
 + Level 4.7 Hexes
 + Level 4.7 Summonings
 + Level 4.7 Necromancy
 + Level 4.7 Translocations
 + Level 4.7 Transmutations
 + Level 4.7 Fire Magic
 + Level 4.7 Ice Magic
 + Level 4.7 Air Magic
 + Level 4.7 Earth Magic
 + Level 4.7 Poison Magic
 + Level 6.2 Invocations
 + Level 5.7 Evocations


You had 12 spell levels left.
You knew the following spells:

 Your Spells              Type           Power      Damage    Failure   Level
a - Blink                 Tloc           46%        N/A       3%          2
c - Call Canine Familiar  Summ           23%        N/A       6%          3
d - Summon Guardian Gole  Hex/Summ       23%        N/A       6%          3

Your spell library contained the following spells:

 Spells                   Type           Power      Damage    Failure   Level
 Foxfire                  Conj/Fire      92%        2x1d8     1%          1
 Shock                    Conj/Air       92%        1d8       1%          1
 Sting                    Tmut/Pois      92%        1d7       1%          1
 Summon Small Mammal      Summ           92%        N/A       1%          1
 Poisonous Vapours        Pois/Air       46%        N/A       3%          2
 Dazzling Flash           Conj/Hex       46%        N/A       6%          3
 Volatile Blastmotes      Fire/Tloc      46%        2d13      6%          3
 Iskenderun's Mystic Bla  Conj/Tloc      23%        2d6       21%         4
 Manifold Assault         Tloc           23%        N/A       21%         4
 Olgreb's Toxic Radiance  Pois           23%        N/A       21%         4
 Fireball                 Conj/Fire      11%        3d7       50%         5
 Dispersal                Tloc           11%        N/A       97%         6
 Plasma Beam              Fire/Air       11%        2x1d24    97%         6
 Starburst                Conj/Fire      11%        6d5       97%         6
 Storm Form               Tmut/Air       11%        N/A       100%        7
 Disjunction              Tloc           11%        N/A       100%        8


Dungeon Overview and Level Annotations

Branches:
Dungeon (8/15)             Temple (1/1) D:4         Ossuary (visited)
   Lair: D:8-11

Altars:
Ashenzari
Cheibriados
Dithmenos
Elyvilon
Fedhas
Gozag
Hepliaklqana
Kikubaaqudgha
Makhleb
Nemelex Xobeh
Okawaru
Qazlal
Ru
Sif Muna
Trog
Uskayaw
Wu Jian
Xom
Yredelemnul
Zin
The Shining One

Shops:
D:3 :   D:7 !(


Innate Abilities, Weirdness & Mutations

You have very sharp teeth.
Your uncanny sense of smell can sniff out nearby items.
Your experience applies equally to all skills.


Message History

The lava snake is moderately wounded.
The lava snake spits lava at you. The glob of lava misses you.
The lava snake bites you.
You are engulfed in flames.
You hear an angry hiss.
You miss the lava snake. Your punch misses the lava snake.
The lava snake is moderately wounded.
You miss the lava snake.
The lava snake is moderately wounded.
The lava snake barely misses you.
You closely miss the lava snake. Your bite misses the lava snake.
The lava snake is heavily wounded.
You miss the lava snake. Your punch misses the lava snake.
The lava snake is heavily wounded.
The lava snake spits lava at you. The glob of lava hits you!
The lava snake barely misses you.
You miss the lava snake.
You bite the lava snake, but do no damage.
The lava snake is heavily wounded.
The lava snake spits lava at you. The glob of lava hits you!
You are too injured to fight recklessly!
You are too injured to fight recklessly!
You are too injured to fight recklessly!
Found a dagger.
Found 10 gold pieces.
The lava snake spits lava at you. The glob of lava hits you!!
* * * LOW HITPOINT WARNING * * *
The lava snake attacks as you move away!
The lava snake barely misses you. The lava snake spits lava at you.
The glob of lava hits you!
* * * LOW HITPOINT WARNING * * *
Okay, then.
You fade into invisibility!
The lava snake spits lava at you. The glob of lava hits you!
You die...
Your body crumbles into a pile of gold.

#.# #.#
##≈§≈≈≈≈≈≈≈≈###...#### #.#
#.# ##§§§≈≈≈§≈§≈≈≈ #...###
..#
#<###≈≈§≈§≈≈§§≈≈≈≈≈##....##
#.#
#.##§≈≈≈§§≈≈§§§≈≈≈≈≈##..>..
.######.#≈§≈≈§§≈≈S§§§§≈≈§
#.....
###.....#≈≈§§≈≈≈≈S§§≈≈≈≈§≈
#.##.# #
#[##.##≈≈≈≈≈§≈#..#≈≈≈≈≈§
#....# #.##..'§.......#
$≈§≈≈§≈ #.#...
#.###.'§......@##)≈≈≈≈≈≈
#..... #.# ###§§≈≈≈≈≈#..#
#...## #[#
#§§§≈§≈≈≈SS≈≈≈≈≈≈§ #..###
#.# #§§≈≈≈≈≈≈≈≈≈≈≈≈≈≈≈
##..## # #.#
##≈≈≈≈≈≈§≈§§≈≈≈≈§≈ #.... #
#.#######≈§§§§§§≈≈≈≈≈≈≈#
##... #
#...##..##≈§§≈§≈≈≈≈≈≈≈##
#..#
#####.##.####§§≈≈§≈§≈≈§##
#..# ..........####§§§
≈§§§########...


You could see 4 lava snakes.

Vanquished Creatures
  Maurice (D:8)
  Joseph (D:7)
  A steam dragon (D:6)
  An ice beast (D:7)
  3 water moccasins
  5 black bears
  2 ogres
  5 bullfrogs
  2 gnoll sergeants (D:7)
  12 scorpions
  6 wights (D:7)
  3 howler monkeys
  An electric eel (D:7)
  3 centaur zombies (Ossuary)
  3 jellies
  A human zombie (Ossuary)
  A gnoll bouda (D:7)
  4 hounds
  An orc priest (D:6)
  2 sleepcaps
  2 orc wizards (D:5)
  2 scorpion zombies (Ossuary)
  2 iguanas
  3 mummies (Ossuary)
  7 adders
  16 gnolls
  A shadow imp (D:7)
  A white imp (D:6)
  An ufetubus (D:6)
  2 worms
  3 dart slugs
  26 orcs
  6 endoplasms
  2 giant cockroaches
  A gnoll zombie (Ossuary)
  6 goblins
  4 hobgoblins
  A quokka (D:3)
  9 ball pythons
  5 bats
  3 goblin zombies (Ossuary)
  3 hobgoblin zombies (Ossuary)
  13 kobolds
  2 kobold zombies (Ossuary)
  An orc zombie (Ossuary)
  2 quokka zombies (D:7)
  5 rats
187 creatures vanquished.

Vanquished Creatures (collateral kills)
  A black bear (D:8)
  An orc wizard (D:8)
  3 gnolls (D:8)
  An orc (D:8)
6 creatures vanquished.

Vanquished Creatures (others)
  A manticore (D:8)
  A troll (D:8)
  A hornet (D:8)
3 creatures vanquished.

Grand Total: 196 creatures vanquished

Notes
Turn   | Place    | Note
-------+----------+-------------------------------------------
     0 | D:5      | Reached skill level 9 in Stealth
     0 | D:5      | croobank the Gnoll Delver began the quest for the Orb.
     0 | D:5      | Reached XP level 1. HP: 23/23 MP: 1/1
     3 | D:6      | Noticed a hound
     5 | D:6      | Noticed an iguana
     6 | D:6      | Killed a hound
     7 | D:6      | Reached XP level 2. HP: 29/29 MP: 1/3
     7 | D:6      | Reached XP level 3. HP: 35/35 MP: 1/4
    51 | D:5      | Reached skill level 1 in Invocations
   106 | D:5      | Noticed a scorpion
   114 | D:4      | Found a staircase to the Ecumenical Temple.
   360 | D:1      | Reached skill level 1 in Long Blades
   360 | D:1      | Reached skill level 1 in Axes
   360 | D:1      | Reached skill level 1 in Maces & Flails
   360 | D:1      | Reached skill level 1 in Polearms
   360 | D:1      | Reached skill level 1 in Staves
   360 | D:1      | Reached skill level 1 in Ranged Weapons
   360 | D:1      | Reached skill level 1 in Throwing
   360 | D:1      | Reached skill level 1 in Armour
   360 | D:1      | Reached skill level 1 in Shields
   360 | D:1      | Reached skill level 1 in Unarmed Combat
   360 | D:1      | Reached skill level 1 in Spellcasting
   360 | D:1      | Reached skill level 1 in Evocations
   466 | D:1      | Reached XP level 4. HP: 37/41 MP: 5/5
   651 | D:1      | Found a transporter.
   866 | D:1      | Found a transporter.
  1374 | D:2      | Reached skill level 1 in Conjurations
  1374 | D:2      | Reached skill level 1 in Hexes
  1374 | D:2      | Reached skill level 1 in Summonings
  1374 | D:2      | Reached skill level 1 in Necromancy
  1374 | D:2      | Reached skill level 1 in Translocations
  1374 | D:2      | Reached skill level 1 in Transmutations
  1374 | D:2      | Reached skill level 1 in Fire Magic
  1374 | D:2      | Reached skill level 1 in Ice Magic
  1374 | D:2      | Reached skill level 1 in Air Magic
  1374 | D:2      | Reached skill level 1 in Earth Magic
  1374 | D:2      | Reached skill level 1 in Poison Magic
  1374 | D:2      | Found a stormy altar of Qazlal.
  1465 | D:2      | Found a faded altar of an unknown god.
  1470 | D:2      | Got Plato's Quarto of Blasting
  1965 | D:3      | Noticed an ogre
  1992 | D:3      | Found Uzoasmot's Book Boutique.
  2141 | D:3      | Reached XP level 5. HP: 42/47 MP: 7/7
  2391 | D:3      | Killed an ogre
  2482 | D:4      | Noticed an ogre
  2858 | D:4      | Reached XP level 6. HP: 53/53 MP: 8/8
  2884 | D:4      | Reached skill level 5 in Short Blades
  2884 | D:4      | Reached skill level 5 in Dodging
  3164 | Temple   | Entered the Ecumenical Temple
  3262 | Temple   | Became a worshipper of Gozag Ym Sagoz the Greedy
  3739 | D:5      | Reached XP level 7. HP: 60/60 MP: 10/10
  3872 | D:5      | Reached skill level 10 in Stealth
  4280 | D:5      | Found a sparkling altar of Nemelex Xobeh.
  4522 | D:5      | Reached XP level 8. HP: 67/67 MP: 12/12
  5959 | D:7      | HP: 3/68 [gnoll sergeant/+1 spear of venom (9)]
  5967 | D:7      | Reached XP level 9. HP: 17/73 MP: 1/14
  6022 | D:7      | Found a sand-covered staircase.
  6030 | Ossuary  | Entered an ossuary
  7013 | D:7      | Noticed Joseph
  7024 | D:7      | Killed Joseph
  7025 | D:7      | Reached skill level 5 in Invocations
  7525 | D:7      | Found a large runed translucent door.
  7735 | D:7      | Reached skill level 5 in Long Blades
  7735 | D:7      | Reached skill level 5 in Axes
  7735 | D:7      | Reached skill level 5 in Maces & Flails
  7735 | D:7      | Reached skill level 5 in Polearms
  7735 | D:7      | Reached skill level 5 in Staves
  7735 | D:7      | Reached skill level 5 in Ranged Weapons
  7735 | D:7      | Reached skill level 5 in Throwing
  7735 | D:7      | Reached skill level 5 in Armour
  7735 | D:7      | Reached skill level 5 in Shields
  7735 | D:7      | Reached skill level 5 in Unarmed Combat
  7735 | D:7      | Reached skill level 5 in Spellcasting
  7735 | D:7      | Reached skill level 5 in Evocations
  7735 | D:7      | Reached XP level 10. HP: 65/78 MP: 14/17
  7851 | D:7      | HP: 2/82 [steam dragon] (8)]
  8393 | D:7      | Identified the +1 chain mail "Awkecuj" {rCorr}
  8489 | D:7      | Found Toism's Weapon Emporium.
  8489 | D:7      | Found Byajet's Distillery.
  8520 | D:7      | Bought a potion of invisibility for 96 gold pieces
  8520 | D:7      | Bought a potion of degeneration for 12 gold pieces
  8751 | D:7      | Found a large runed translucent door.
  8804 | D:7      | Found an ancient bone altar of Kikubaaqudgha.
  8818 | D:7      | Found a glowing silver altar of Zin.
  8919 | D:8      | Learned a level 3 spell: Call Canine Familiar
  8923 | D:8      | Learned a level 3 spell: Summon Guardian Golem
  8951 | D:8      | Noticed Maurice
  8961 | D:8      | Killed Maurice
  8961 | D:8      | Noticed a manticore
  8962 | D:8      | Reached skill level 11 in Stealth
  8972 | D:8      | Killed a manticore
  9179 | D:8      | Learned a level 2 spell: Blink
  9351 | D:8      | Found a shadowy altar of Dithmenos.
  9790 | D:8      | Killed from afar by a lava snake

Illustrated notes

Levels and vault maps discovered:
D:1:      spicycebolla_arrival_transporter_tutorial, layout_rooms
D:2:      layout_basic, shapermc_ecumenical_altar_rom_forum, basic_altar
D:3:      layout_loops_ring, serial_shops, shop, kennysheep_potato
D:4:      layout_cave_pools, minmay_temple_entry_wispy
D:5:      layout_loops_ring, mainiacjoe_overflow_chevrons, due_unseen_surprise
D:6:      layout_loops_corners
D:7:      layout_rooms, jmf_multi_god_temple2, enter_ossuary_4,
          nicolae_wooded_promenade, uniq_joseph
D:8:      kennysheep_big_flooded_room, layout_loops_ring,
          nicolae_dithmenos_shadow_blocks, chequers_serial_rivers_small_a,
          uniq_maurice
Temple:   minmay_temple_bridge_d

Skill      XL: |  1  2  3  4  5  6  7  8  9 10 |
---------------+-------------------------------+-----
Stealth        | 10 11 | 11.1
Invocations    | 1 2 3 4 5 6 |  6.2
Long Blades    | 1 2 3 5 |  5.7
Axes           | 1 2 3 5 |  5.7
Maces & Flails | 1 2 3 5 |  5.7
Polearms       | 1 2 3 5 |  5.7
Staves         | 1 2 3 5 |  5.7
Ranged Weapons | 1 2 3 5 |  5.7
Throwing       | 1 2 3 5 |  5.7
Armour         | 1 2 3 5 |  5.7
Shields        | 1 2 3 5 |  5.7
Unarmed Combat | 1 2 3 5 |  5.7
Spellcasting   | 1 2 3 5 |  5.7
Evocations     | 1 2 3 5 |  5.7
Conjurations   | 1 2 3 4 |  4.7
Hexes          | 1 2 3 4 |  4.7
Summonings     | 1 2 3 4 |  4.7
Necromancy     | 1 2 3 4 |  4.7
Translocations | 1 2 3 4 |  4.7
Transmutations | 1 2 3 4 |  4.7
Fire Magic     | 1 2 3 4 |  4.7
Ice Magic      | 1 2 3 4 |  4.7
Air Magic      | 1 2 3 4 |  4.7
Earth Magic    | 1 2 3 4 |  4.7
Poison Magic   | 1 2 3 4 |  4.7
Short Blades   | 5 6 7 |  7.4
Dodging        | 5 6 7 |  7.4
Fighting       | 7 8 |  8.8

Action                     |  1- 3 |  4- 6 |  7- 9 | 10-12 || total
---------------------------+-------+-------+-------+-------++-------
  Melee: Short sword       |    70 |   206 |   404 |   138 ||   818
         Bite              |     9 |    27 |    63 |    24 ||   123
         Punch             |       |     4 |    12 |     4 ||    20
  Throw: Dart              |       |     3 |     2 |     2 ||     7
         Throwing net      |       |       |     1 |     5 ||     6
   Cast: Summon Guardian G |       |       |       |     9 ||     9
         Call Canine Famil |       |       |       |     6 ||     6
  Evoke: Wand              |       |       |     1 |     1 ||     2
    Use: Scroll            |     1 |     4 |     9 |     3 ||    17
         Potion            |     1 |       |    12 |     2 ||    15
   Stab: Sleeping          |     7 |    14 |    24 |     2 ||    47
         Distracted        |     1 |       |     5 |       ||     6
         Held in net/web   |       |       |       |     2 ||     2
 Armour: Leather armour    |    21 |    27 |    44 |    10 ||   102
  Dodge: Dodged            |    36 |   124 |   197 |   112 ||   469
